 Dungeon Crawl Stone Soup version 0.30-a0-341-g6827065 (webtiles) character file.

Game seed: 13426848982782276867

12164 Dorkslayer the Cleaver (level 11, -1/84 HPs)
             Began as a Demonspawn Fighter on Nov 1, 2022.
             Was an Initiate of Gozag.
             Slain by Snorg (9 damage)
             ... on level 10 of the Dungeon.
             The game lasted 00:40:03 (9663 turns).

Dorkslayer the Cleaver (Demonspawn Fighter)         Turns: 9663, Time: 00:40:04

Health: -1/84      AC: 21    Str: 22    XL:     11   Next: 58%
Magic:  11/11      EV:  6    Int: 11    God:    Gozag
Gold:   1522       SH: 17    Dex: 18    Spells: 10/10 levels left

rFire   + . .      SeeInvis .    r - +10 war axe of Devotion {vamp, rN+ Int+2}
rCold   + . .      Faith    .    g - +0 kite shield
rNeg    + + .      Spirit   .    k - +2 plate armour {rF+}
rPois   +          Reflect  .    F - +1 hat
rElec   .          Harm     .    u - +2 cloak of Leapfrog {rCorr}
rCorr   +          Rampage  .    y - +1 pair of gloves
Will    .....                    (no boots)
Stlth   ..........               (no amulet)
HPRegen 0.34/turn                I - ring of Divine Intervention {rPois rC+ rN+}
MPRegen 0.12/turn                c - +6 ring of strength

@: mighty, hasted, very quick
A: hooves 2, large bone plates 2, demonic guardian 1, powered by pain 2
a: Renounce Religion, Potion Petition, Call Merchant, Bribe Branch


You were on level 10 of the Dungeon.
You worshipped Gozag.
Gozag was most pleased with you.
You visited 2 branches of the dungeon, and saw 11 of its levels.
You also visited: Ossuary and Bailey.

You collected 2013 gold pieces.
You spent 420 gold pieces at shops.
You paid 71 gold pieces to Gozag.

Inventory:

Hand Weapons
 a - a +0 long sword of freezing
 r - the +10 war axe of Devotion (weapon) {vamp, rN+ Int+2}
   (You found it on level 7 of the Dungeon)

   It occasionally heals its wielder for a portion of the damage dealt when it
   wounds a living foe.
   Int:       It affects your intelligence (+2).
   rN:        It protects you from negative energy.
 x - a +3 scimitar of freezing
 A - a +0 scimitar of flaming
 E - a +4 war axe
Missiles
 n - 3 javelins
 w - 4 boomerangs (quivered)
 z - 3 silver javelins
 H - a throwing net
Armour
 g - a +0 kite shield (worn)
 j - a +0 crystal plate armour
 k - a +2 plate armour of fire resistance (worn)
 u - the +2 cloak of Leapfrog (worn) {rCorr}
   (You found it in a bailey)

   rCorr:     It protects you from acid and corrosion.
 y - a +1 pair of gloves (worn)
 F - a +1 hat (worn)
Jewellery
 c - a +6 ring of strength (right hand)
 i - a ring of flight
 I - the ring of Divine Intervention (left hand) {rPois rC+ rN+}
   (You bought it in a shop on level 10 of the Dungeon)

   [ring of poison resistance]

   rC:        It protects you from cold.
   rPois:     It protects you from poison.
   rN:        It protects you from negative energy.
Wands
 f - a wand of charming (6)
 p - a wand of polymorph (1)
 v - a wand of flame (22)
Scrolls
 e - 3 scrolls of identify
 h - 2 scrolls of fear
 l - 4 scrolls of teleportation
 q - 2 scrolls of blinking
 t - 3 scrolls of immolation
 G - a scroll of magic mapping
 J - a scroll of enchant armour
Potions
 b - 3 potions of berserk rage
 d - 2 potions of might
 m - a potion of brilliance
 o - 2 potions of curing
 s - 3 potions of mutation
 C - a potion of invisibility
 D - a potion of cancellation


   Skills:
 * Level 7.3 Fighting
 - Level 6.4 Long Blades
 * Level 8.9 Axes
 + Level 4.3 Throwing
 + Level 6.0 Armour
 + Level 2.6 Dodging
 + Level 0.5 Stealth
 + Level 6.5 Shields
 * Level 7.3 Evocations


You had 10 spell levels left.
You didn't know any spells.
Your spell library contained the following spells:

 Spells                   Type           Power      Damage    Failure   Level
 Beastly Appendage        Tmut           0%         N/A       100%        1
 Kiss of Death            Conj/Necr      0%         2d5       100%        1
 Cigotuvi's Dreadful Rot  Necr/Pois/Air  0%         N/A       100%        2
 Poisonous Vapours        Pois/Air       0%         N/A       100%        2
 Wereblood                Tmut           0%         N/A       100%        2
 Confusing Touch          Hex            0%         N/A       100%        3
 Frozen Ramparts          Ice            0%         1d1       100%        3
 Gell's Gravitas          Tloc           0%         N/A       100%        3
 Kindle Blastsparks       Fire/Tloc/Air  0%         2d10      100%        3
 Lesser Beckoning         Tloc           0%         N/A       100%        3
 Mephitic Cloud           Conj/Pois/Air  0%         N/A       100%        3
 Spider Form              Tmut/Pois      0%         N/A       100%        3
 Teleport Other           Tloc           0%         N/A       100%        3
 Airstrike                Air            0%         2d(0-16)  100%        4
 Dispel Undead            Necr           0%         3d6       100%        4
 Fulminant Prism          Conj/Hex       0%         3d5       100%        4
 Ice Form                 Ice/Tmut       0%         N/A       100%        4
 Iskenderun's Mystic Bla  Conj/Tloc      0%         2d3       100%        4
 Summon Ice Beast         Ice/Summ       0%         N/A       100%        4
 Summon Lightning Spire   Summ/Air       0%         N/A       100%        4
 Iskenderun's Battlesphe  Conj           0%         2d6       100%        5
 Lee's Rapid Deconstruct  Erth           0%         3d4*      100%        5
 Lightning Bolt           Conj/Air       0%         1d11      100%        5
 Iron Shot                Conj/Erth      0%         9d1       100%        6
 Spellforged Servitor     Conj/Summ      0%         N/A       100%        7


Dungeon Overview and Level Annotations

Branches:
Dungeon (10/15)            Temple (1/1) D:5            Lair (0/5) D:8
Ossuary (visited)          Bailey (visited)
    Orc: D:9-12

Altars:
Ashenzari
Cheibriados
Dithmenos
Fedhas
Gozag
Hepliaklqana
Kikubaaqudgha
Nemelex Xobeh
Okawaru
Qazlal
Ru
Sif Muna
Trog
Uskayaw
Vehumet
Wu Jian
Xom
Yredelemnul

Shops:
D:10 =

Annotations:
D:7 exclusion: oklob plant
D:10 Snorg


Innate Abilities, Weirdness & Mutations

You have hoof-like feet.
You are mostly covered in large bone plates. (SH +6)
A weak demonic guardian rushes to your aid.
You sometimes gain power by taking damage.


Message History

Snorg goes berserk!
You slice Snorg!!
You feel better.
Your kick misses Snorg.
Snorg is heavily wounded.
Snorg bites you! You block Snorg's attack. Snorg claws you but does no damage.
Snorg completely misses you. You block Snorg's attack.
Snorg claws you but does no damage.
You slice Snorg!!
You feel better.
Your kick misses Snorg.
Snorg is severely wounded.
Snorg bites you! Snorg claws you but does no damage. You block Snorg's attack.
Snorg bites you but does no damage. You block Snorg's attack. Snorg claws you!
You slash Snorg!
You feel better.
Your kick misses Snorg.
Snorg is severely wounded.
You block Snorg's attack. Snorg barely misses you.
Snorg claws you but does no damage.
You slash Snorg!
You feel better.
Snorg is almost dead.
Snorg bites you. Snorg claws you! Snorg closely misses you.
Snorg barely misses you. Snorg claws you! You block Snorg's attack.
You barely miss Snorg. You kick Snorg.
Snorg is almost dead.
You block Snorg's attack. Snorg claws you. Snorg claws you!
* * * LOW HITPOINT WARNING * * *
Snorg bites you!
* * * LOW HITPOINT WARNING * * *
A demonic guardian appears!
You block Snorg's attack. Snorg claws you but does no damage.
Okay, then.
You feel yourself speed up. You block Snorg's attack. Snorg claws you!
* * * LOW HITPOINT WARNING * * *
You focus on the pain.
You feel very mighty all of a sudden. Snorg closely misses you.
Your ufetubus hits Snorg. x2
Snorg misses your ufetubus. Snorg closely misses your ufetubus.
Snorg claws your ufetubus!
Your ufetubus dies!
Your ufetubus disappears in a puff of smoke!
Unknown command.
You feel better. Snorg bites you!
You die...
Your body crumbles into a pile of gold.

..###########.#
.....(........##
.###.#.###.'..#.. .#
#.#.# #.#.##.##
.###.#.###.#.##... ##
.....#.....#.##..# ..
.#########...##..###.#
.....#.....####...ยง..#
.###.#.###.# #.@T# .#
#.#.# #.####...#
.###.#.###[.......#
.........[)#.#.#..# #
)..######.##.#....##.####
...'.............>.......
...#########.####.##.###
...# #.........#
...##############.####


You could see Snorg (berserk).

Vanquished Creatures
  A catoblepas (D:8)
  Erica (D:8)
  A two-headed ogre (D:10)
  Maggie (D:8)
  Psyche (D:9)
  2 hornets
  Prince Ribbit (D:6)
  2 wyverns
  9 yaks
  A wraith (D:10)
  Grum (D:8)
  5 humans (D:8)
  2 steam dragons
  3 vampire mosquitoes (D:8)
  An acid dragon (D:8)
  Duvessa (D:6)
  14 orc warriors
  A sky beast (D:7)
  2 black bears
  2 wolves (D:8)
  4 ogres (D:5)
  3 centaurs
  3 phantoms
  5 bullfrogs
  A kobold brigand (D:8)
  An elf zombie (D:5)
  A necrophage (D:6)
  3 gnoll sergeants
  3 elf skeletons (D:5)
  2 scorpions
  5 water moccasin zombies (Ossuary)
  Dowan (D:6)
  11 wights
  3 killer bees
  7 orc priests
  A gnoll bouda (D:10)
  2 hounds
  Crazy Yiuf (D:2)
  A human zombie (D:5)
  4 iguanas
  9 orc wizards
  2 human skeletons (D:5)
  A statue (D:8)
  2 mummies (Ossuary)
  10 adders
  12 gnolls
  2 shadow imps
  2 white imps
  An ufetubus (D:7)
  2 adder zombies (Ossuary)
  2 worms
  3 dart slugs
  44 orcs
  2 ball pythons
  6 endoplasms
  2 giant cockroaches
  4 gnoll zombies (Ossuary)
  11 goblins
  10 hobgoblins
  10 jackals
  5 quokkas
  10 bats
  4 frilled lizards
  6 hobgoblin zombies (Ossuary)
  11 kobolds
  5 kobold zombies (Ossuary)
  4 orc skeletons (D:5)
  4 orc zombies (Ossuary)
  4 rats
304 creatures vanquished.

Vanquished Creatures (collateral kills)
  A wolf (D:8)
  2 endoplasms
  A goblin (D:4)
  A hobgoblin (D:4)
  A kobold (D:1)
6 creatures vanquished.

Vanquished Creatures (others)
  A gnoll (D:9)
  36 fungi
  67 plants
104 creatures vanquished.

Grand Total: 414 creatures vanquished

Notes
Turn   | Place    | Note
-------+----------+-------------------------------------------
     0 | D:1      | Dorkslayer the Demonspawn Fighter began the quest for the
                  | Orb.
     0 | D:1      | Reached XP level 1. HP: 18/18 MP: 1/1
    81 | D:1      | Gained mutation: A weak demonic guardian rushes to your
                  | aid. [demonic ancestry]
    81 | D:1      | Reached XP level 2. HP: 24/24 MP: 2/2
   236 | D:1      | Found a faded altar of an unknown god.
   589 | D:1      | Gained mutation: You are partially covered in large bone
                  | plates. (SH +4) [demonic ancestry]
   589 | D:1      | Reached XP level 3. HP: 29/29 MP: 3/3
   730 | D:1      | Reached skill level 1 in Dodging
   783 | D:2      | Found a shimmering blue altar of Sif Muna.
  1156 | D:2      | Gained mutation: You are mostly covered in large bone
                  | plates. (SH +6) [demonic ancestry]
  1156 | D:2      | Reached XP level 4. HP: 21/35 MP: 4/4
  1418 | D:2      | Found a runed translucent door.
  1419 | D:2      | Noticed Crazy Yiuf
  1429 | D:2      | Killed Crazy Yiuf
  1433 | D:2      | HP: 2/54 [poisoned by Crazy Yiuf]
  1954 | D:3      | Gained mutation: You have large cloven feet. [demonic
                  | ancestry]
  1954 | D:3      | Reached XP level 5. HP: 41/41 MP: 5/5
  2284 | D:3      | Noticed a phantom
  2356 | D:3      | Killed a phantom
  2357 | D:3      | Reached skill level 1 in Throwing
  2357 | D:3      | Reached skill level 1 in Evocations
  2440 | D:3      | Found a shimmering altar of Xom.
  2593 | D:3      | Gained mutation: You sometimes gain a little power by
                  | taking damage. [demonic ancestry]
  2593 | D:3      | Reached XP level 6. HP: 35/48 MP: 6/6
  3265 | D:5      | Entered Level 5 of the Dungeon
  3299 | D:5      | Reached XP level 7. HP: 28/54 MP: 7/7
  3315 | D:5      | Found a snail-covered altar of Cheibriados.
  3380 | D:5      | Found a sand-covered staircase.
  3398 | Ossuary  | Entered an ossuary
  3609 | Ossuary  | Reached skill level 5 in Long Blades
  3685 | Ossuary  | Reached XP level 8. HP: 54/61 MP: 8/8
  3967 | D:5      | Found a staircase to the Ecumenical Temple.
  3983 | Temple   | Entered the Ecumenical Temple
  4003 | Temple   | Became a worshipper of Gozag Ym Sagoz the Greedy
  5086 | D:6      | Noticed Dowan
  5093 | D:6      | Noticed Prince Ribbit
  5093 | D:6      | Noticed Duvessa
  5104 | D:6      | Killed Prince Ribbit
  5105 | D:6      | Reached XP level 9. HP: 58/67 MP: 9/9
  5114 | D:6      | Killed Dowan
  5115 | D:6      | Reached skill level 5 in Fighting
  5116 | D:6      | Killed Duvessa
  5173 | D:6      | Reached skill level 5 in Armour
  5756 | D:7      | Identified the +10 war axe of Devotion {vamp, rN+ Int+2}
  5798 | D:7      | Reached skill level 5 in Evocations
  5870 | D:7      | Found a shadowy altar of Dithmenos.
  5913 | D:7      | Reached skill level 1 in Axes
  6026 | D:7      | Reached skill level 2 in Axes
  6035 | D:7      | Reached skill level 5 in Shields
  6157 | D:7      | Found a blossoming altar of Fedhas.
  6208 | D:7      | Noticed an oklob plant
  6701 | D:8      | Noticed Erica
  6708 | D:8      | Reached skill level 3 in Axes
  6709 | D:8      | Killed Erica
  6710 | D:8      | Reached skill level 4 in Axes
  6710 | D:8      | Gained mutation: You sometimes gain power by taking damage.
                  | [demonic ancestry]
  6710 | D:8      | Reached XP level 10. HP: 69/74 MP: 10/10
  6715 | D:8      | Noticed Grum
  6745 | D:8      | Killed Grum
  6824 | D:8      | Reached skill level 5 in Axes
  6889 | D:8      | Noticed Maggie
  6903 | D:8      | Killed Maggie
  6933 | D:8      | Reached skill level 6 in Axes
  6949 | D:8      | Found a flagged portal.
  6958 | Bailey   | Entered a bailey
  7240 | Bailey   | Reached skill level 7 in Axes
  7345 | Bailey   | Identified the +2 cloak of Leapfrog {rCorr}
  7603 | D:8      | Noticed a catoblepas
  7610 | D:8      | Killed a catoblepas
  7611 | D:8      | Gained mutation: You have hoof-like feet. [demonic
                  | ancestry]
  7611 | D:8      | Reached XP level 11. HP: 61/83 MP: 11/11
  7714 | D:8      | Found a staircase to the Lair.
  7828 | D:8      | Found a radiant altar of Vehumet.
  8096 | D:9      | Noticed Psyche
  8102 | D:9      | Found a radiant altar of Vehumet.
  8109 | D:9      | Killed Psyche
  8244 | D:9      | Found a blossoming altar of Fedhas.
  8267 | D:9      | You are sucked into a shaft and drop 1 floor!
  8267 | D:10     | Entered Level 10 of the Dungeon
  8577 | D:9      | Reached skill level 8 in Axes
  9031 | D:9      | Paralysed by a hornet for 2 turns
  9407 | D:10     | Noticed a two-headed ogre
  9416 | D:10     | Killed a two-headed ogre
  9481 | D:10     | Found Holurratycs's Jewellery Boutique.
  9488 | D:10     | Bought the ring of Divine Intervention {rPois rC+ rN+} for
                  | 420 gold pieces
  9651 | D:10     | Noticed Snorg
  9662 | D:10     | HP: 1/84 [Snorg (14)]
  9663 | D:10     | Slain by Snorg

Illustrated notes

Levels and vault maps discovered:
D:1:      scummos_arrival_star, layout_basic,
          ebering_ecumenical_altar_petrified, nrook_campfire
D:2:      layout_loops_ring, basic_altar, nicolae_underground_beach,
          uniq_crazy_yiuf_cottage
D:3:      minmay_general_purpose_star, layout_rooms,
          mainiacjoe_overflow_cross_hatched, minmay_goblin_outpost
D:4:      layout_rooms, kennysheep_pointless_box
D:5:      layout_gridville, mainiacjoe_overflow_small_starburst,
          minmay_temple_entry_junction, nicolae_ossuary_entry_catacombs
D:6:      layout_loops_ring, uniq_prince_ribbit1, uniq_duvessa
D:7:      layout_loops_ring, tgw_fedhas, lemuel_tele_altar, due_unseen_surprise
D:8:      layout_rooms, vehumet_statue, grunt_lair_entry_orc_guard_hut,
          enter_bailey_3, small_chamber_with_monster, minmay_ruffians,
          uniq_grum, uniq_maggie, uniq_erica
D:9:      layout_basic, kennysheep_mini, hangedman_feature_mirror, uniq_psyche
D:10:     layout_basic, serial_shops, shop_statue, minmay_misc_feat_cross,
          uniq_snorg
Temple:   minmay_temple_bridge_d

Skill      XL: |  1  2  3  4  5  6  7  8  9 10 11 |
---------------+----------------------------------+-----
Long Blades    | 2 3 4 5 6 |  6.4
Armour         | 3 4 5 6 |  6.0
Dodging        | 1 2 |  2.6
Shields        | 3 4 5 6 |  6.5
Throwing       | 1 2 3 4 |  4.3
Evocations     | 1 2 4 5 6 7 |  7.3
Fighting       | 4 5 6 7 |  7.3
Axes           | 4 7 8 |  8.9
Stealth        | |  0.5

Action                   |  1- 3 |  4- 6 |  7- 9 | 10-12 || total
-------------------------+-------+-------+-------+-------++-------
Melee: Long sword        |   131 |   177 |   357 |       ||   665
       Kick              |       |    27 |   163 |    92 ||   282
       War axe           |       |       |    97 |   316 ||   413
Throw: Boomerang         |       |       |    12 |    14 ||    26
       Javelin           |       |       |     5 |       ||     5
Evoke: Wand              |       |       |     5 |     2 ||     7
  Use: Potion            |       |     4 |     2 |     3 ||     9
       Scroll            |       |    12 |    11 |     2 ||    25
 Stab: Distracted        |       |       |     1 |     2 ||     3
Armor: Scale mail        |    61 |    61 |   102 |       ||   224
       Swamp dragon scal |       |       |    12 |     9 ||    21
       Plate armour      |       |       |       |   134 ||   134
Dodge: Dodged            |    55 |    55 |    98 |    81 ||   289
Block: Buckler           |    45 |   109 |   169 |       ||   323
       Kite shield       |       |       |    51 |   330 ||   381

Table legend: (Time is in decaauts)
 A = Elapsed time spent in this place.
 B = Non-inter-level travel time spent in this place.
 C = Inter-level travel time spent in this place.
 D = Time resting spent in this place.
 E = Time spent auto-exploring this place.
 F = Levels seen in this place.
 G = Mean time per level.
                   A        B        C        D        E       F      G
               +--------+--------+--------+--------+--------+-----+--------+
         Total |   9945 |   9945 |      0 |    284 |   4110 |  13 |  765.0 |
       Dungeon |   9037 |   9037 |      0 |    284 |   3929 |  10 |  903.7 |
        Temple |     38 |     38 |      0 |      0 |      0 |   1 |   38.0 |
       Ossuary |    430 |    430 |      0 |      0 |    181 |   1 |  430.0 |
        Bailey |    439 |    439 |      0 |      0 |      0 |   1 |  439.0 |
               +--------+--------+--------+--------+--------+-----+--------+

Top non-repeatable levels by time:
     D:5: 1305 daAuts
     D:7: 1006 daAuts
     D:2: 1002 daAuts
     D:9: 957 daAuts
     D:8: 949 daAuts
     D:3: 932 daAuts
     D:1: 813 daAuts
     D:6: 762 daAuts
    D:10: 700 daAuts
     D:4: 607 daAuts
  Bailey: 439 daAuts
 Ossuary: 430 daAuts
  Temple: 38 daAuts
